 Dungeon Crawl Stone Soup version 0.29-a0-451-gfbfa42419e (webtiles) character file.

Game seed: 9101749589922467060

15 dabmancer the Magician (level 2, 0/17 HPs)
             Began as an Octopode Hedge Wizard on May 20, 2022.
             Killed from afar by a dart slug (5 damage)
             ... with a slug dart
             ... on level 1 of the Dungeon.
             The game lasted 00:04:03 (1201 turns).

dabmancer the Magician (Octopode Hedge Wizard)      Turns: 1201, Time: 00:04:04

Health: 0/17       AC:  1    Str:  9    XL:     2   Next: 50%
Magic:  1/6        EV: 13    Int: 16    God:
Gold:   16         SH:  0    Dex: 11    Spells: 6/7 levels left

rFire   . . .      SeeInvis .   e - +0 whip
rCold   . . .      Faith    .   (no shield)
rNeg    . . .      Spirit   .   b - +0 hat
rPois   .          Reflect  .   (no amulet)
rElec   .          Harm     .   (no ring)
rCorr   .          Rampage  .   (no ring)
Will    .....                   (no ring)
Stlth   +++.......              (no ring)
HPRegen 0.05/turn               (no ring)
MPRegen 0.10/turn               (no ring)
                                (no ring)
                                (no ring)

@: very slightly contaminated
A: almost no armour, amphibious, 8 rings, camouflage 1, gelatinous body 1,
(nimble swimmer 1), tentacles
a: no special abilities


You were on level 1 of the Dungeon.
You visited 1 branch of the dungeon, and saw 1 of its levels.

You collected 16 gold pieces.

Inventory:

Hand Weapons
 a - a +0 dagger
 e - a +0 whip (weapon)
Missiles
 d - 28 stones
Armour
 b - a +0 hat (worn)
Potions
 c - a potion of magic


   Skills:
 + Level 0.1 Short Blades
 + Level 2.5 Dodging
 + Level 2.6 Stealth
 + Level 3.2 Spellcasting
 + Level 1.3 Conjurations
 + Level 1.0 Summonings
 + Level 1.0 Translocations


You had 6 spell levels left.
You knew the following spells:

 Your Spells              Type           Power      Damage    Failure   Level
a - Magic Dart            Conj           24%        1d4       11%         1

Your spell library contained the following spells:

 Spells                   Type           Power      Damage    Failure   Level
 Slow                     Hex            8%         N/A       19%         1
 Blink                    Tloc           10%        N/A       19%         2
 Call Imp                 Summ           5%         N/A       19%         2
 Conjure Flame            Conj/Fire      4%         6-21      38%         3
 Mephitic Cloud           Conj/Pois/Air  3%         N/A       43%         3


Dungeon Overview and Level Annotations

Branches:
Dungeon (1/15)

Altars:


Innate Abilities, Weirdness & Mutations

You cannot wear most types of armour.
You are amphibious.
You can wear up to eight rings at the same time.
Your skin changes colour to match your surroundings (Stealth+).
Your rubbery body absorbs attacks. (AC +1, EV +1)
((You are camouflaged when in or above water. (Stealth+)))
You have tentacles for arms and can constrict up to eight enemies at once.


Message History

The magic dart hits the dart slug.
The dart slug is lightly wounded.
A kobold comes into view. It is wielding a +0 dagger.
The dart slug launches a dart at you. The slug dart misses you.
The magic dart hits the dart slug.
The dart slug is heavily wounded.
The kobold shouts!
The magic dart hits the dart slug.
The dart slug is almost dead.
A quokka comes into view.
The dart slug launches a dart at you. The slug dart misses you.
The magic dart hits the kobold but does no damage.
A kobold comes into view. It is wielding a +0 dagger.
You are too depleted to draw on your mana recklessly!
The magic dart hits the kobold.
You kill the kobold!
You miscast Magic Dart.
You are very lightly contaminated with residual magic.
Nothing appears to happen.
The dart slug launches a dart at you. The slug dart hits you.
You are too depleted to draw on your mana recklessly!
You hit the quokka but do no damage. You grab the quokka.
You tentacle-slap the quokka.
The quokka is lightly wounded.
You constrict the quokka, but do no damage.
The quokka bites you. The dart slug launches a dart at you.
The slug dart misses you.
You hit the quokka.
The quokka is heavily wounded.
You constrict the quokka. The quokka bites you.
* * * LOW HITPOINT WARNING * * *
You hit the quokka. You squeeze the quokka.
You kill the quokka!
The dart slug launches a dart at you. The slug dart hits you.
You die...

##.####.+ #..)...##### #.#
####...## ## #.#####..# ##...#
#. #........# #...# #.
##.#......# #...# #.
##########....##.#.# #...# #.
#.............##.#.# #...# #.
#.......##.....>.#.####...####.
#.......##.#..@................
#.....)....#)..................
#.......####.>#.#..............
#.......####....##.####...#####
#.............####)# #...#
############.w####.# #....
#..rK...# #...# ##.###### #....
#.########


You could see a dart slug.

Vanquished Creatures
  2 goblins (D:1)
  2 hobgoblins (D:1)
  2 kobolds (D:1)
  2 quokkas (D:1)
  A ball python (D:1)
  3 bats (D:1)
  2 frilled lizards (D:1)
  2 rats (D:1)
16 creatures vanquished.

Notes
Turn   | Place    | Note
-------+----------+-------------------------------------------
     0 | D:1      | dabmancer the Octopode Hedge Wizard began the quest for the
                  | Orb.
     0 | D:1      | Reached XP level 1. HP: 11/11 MP: 4/4
   497 | D:1      | Reached XP level 2. HP: 12/17 MP: 1/6
  1201 | D:1      | Killed from afar by a dart slug

Illustrated notes

Levels and vault maps discovered:
D:1:      wander_arrival_desolate, layout_loops_cross, minmay_misc_feat_room

Action                   || total
-------------------------++-------
Melee: Dagger            ||    10
       Constrict         ||     4
       Whip              ||     3
       Punch             ||     1
       Tentacles         ||     1
 Cast: Magic Dart        ||    35
Armor: Skin              ||     1
Dodge: Dodged            ||    12

Table legend: (Time is in decaauts)
 A = Elapsed time spent in this place.
 B = Non-inter-level travel time spent in this place.
 C = Inter-level travel time spent in this place.
 D = Time resting spent in this place.
 E = Time spent auto-exploring this place.
 F = Levels seen in this place.
 G = Mean time per level.
                   A        B        C        D        E       F      G
               +--------+--------+--------+--------+--------+-----+--------+
         Total |   1200 |   1200 |      0 |    768 |    254 |   1 | 1200.0 |
       Dungeon |   1200 |   1200 |      0 |    768 |    254 |   1 | 1200.0 |
               +--------+--------+--------+--------+--------+-----+--------+

Top non-repeatable levels by time:
     D:1: 1200 daAuts
